 Dungeon Crawl Stone Soup version 0.21.1-1-g345015f (webtiles) character file.

44184 zishaf the Fighter (level 14, -3/111 HPs)
             Began as a Gnoll Skald on May 6, 2018.
             Was a High Priest of Qazlal.
             Killed from afar by a lindwurm (6 damage)
             ... with a blast of flame
             ... on level 6 of the Lair of Beasts.
             The game lasted 01:52:11 (18155 turns).

zishaf the Fighter (Gnoll Skald)                   Turns: 18155, Time: 01:52:15

Health: -3/111     AC: 16    Str: 18    XL:     14   Next: 27%
Magic:  26/28      EV: 17    Int: 24    God:    Qazlal [*****.]
Gold:   514        SH: 12    Dex: 15    Spells: 9/33 levels left

rFire    + + .     SeeInvis +   a - +5 falchion (flame)
rCold    . . .     Gourm    .   Z - +0 buckler
rNeg     . . .     Faith    .   i - +0 ring mail of Hopscotch {Regen+ Int+6}
rPois    .         Spirit   .   W - +3 crown of Dyrovepreva {rElec Int+2 SInv}
rElec    +         Reflect  .   (no cloak)
rCorr    .         Harm     .   j - +0 pair of gloves
MR       +....                  F - +0 pair of boots
Stlth    ++........             C - amulet of magic regeneration
HPRegen  1.68/turn              k - +3 ring of slaying
MPRegen  0.46/turn              w - ring "Bioraata" {+Fly rF+}

@: lethally poisoned (-3 -> -9), protected from fire, regenerating, hasted,
studying Fighting, repel missiles, very quick
A: distributed training, fangs 2, icy blue scales 1, molten scales 1, strong
nose
a: Upheaval, Elemental Force, Disaster Area, Renounce Religion, Evoke Flight


You were on level 6 of the Lair of Beasts.
You worshipped Qazlal.
Qazlal was extremely pleased with you.
You were not hungry.

You visited 3 branches of the dungeon, and saw 18 of its levels.
You also visited: Sewer.

You collected 1096 gold pieces.
You spent 582 gold pieces at shops.

Inventory:

Hand Weapons
 a - a +5 falchion of flaming (weapon)
 B - a +4 shortbow of flaming
 T - the +5 long sword "Ethroileb" {freeze, rN+}
   (You found it on level 1 of the Lair of Beasts)

   It has been specially enchanted to freeze those struck by it, causing extra
   injury to most foes and up to half again as much damage against particularly
   susceptible opponents.
   It can also slow down cold-blooded creatures.
   It protects you from negative energy.
Armour
 i - the +0 ring mail of Hopscotch (worn) {Regen+ Int+6}
   (You found it on level 5 of the Dungeon)

   It affects your intelligence (+6).
   It increases your rate of regeneration.
 j - a +0 pair of gloves (worn)
 F - a +0 pair of boots (worn)
 W - the +3 crown of Dyrovepreva (worn) {rElec Int+2 SInv}
   (You acquired it on level 1 of the Lair of Beasts)

   It affects your intelligence (+2).
   It insulates you from electricity.
   It lets you see invisible.
 Z - a +0 buckler (worn)
Jewellery
 k - a +3 ring of slaying (left hand)
 w - the ring "Bioraata" (right hand) {+Fly rF+}
   (You found it on level 4 of the Lair of Beasts)

   [ring of flight]

   It protects you from fire.
   It lets you fly.
 y - an uncursed amulet of guardian spirit
 C - an amulet of magic regeneration (around neck)
 G - a +3 ring of dexterity
Wands
 g - a wand of enslavement (17)
 s - a wand of paralysis (5)
 t - a wand of random effects (58)
 x - a wand of flame (60)
 H - a wand of iceblast (32)
Scrolls
 e - 2 scrolls of teleportation
 f - 6 scrolls of identify
 l - 10 scrolls of remove curse
 m - 2 scrolls of immolation
 u - a scroll of fog
 v - 3 scrolls of magic mapping
 A - 2 scrolls of fear
 D - a scroll of brand weapon
 J - a scroll of silence
 R - 3 scrolls of enchant armour
Potions
 h - 3 potions of lignification
 n - 5 potions of curing
 q - a potion of haste
 z - 4 potions of flight
 E - 3 potions of might
 K - 2 potions of agility
 N - 3 potions of brilliance
Books
 b - a book of Clouds

   Spells                             Type                      Level
   a - Poisonous Vapours              Poison/Air                   2
   b - Mephitic Cloud                 Conjuration/Poison/Air       3
   c - Conjure Flame                  Conjuration/Fire             3
   d - Freezing Cloud                 Conjuration/Ice/Air          6
   e - Ring of Flames                 Charms/Fire                  7
 c - a book of Battle

   Spells                             Type                      Level
   a - Infusion                       Charms                       1
   b - Shroud of Golubria             Charms/Translocation         2
   c - Song of Slaying                Charms                       2
   d - Spectral Weapon                Hexes/Charms                 3
   e - Regeneration                   Charms/Necromancy            3
 p - a book of Geomancy

   Spells                             Type                      Level
   a - Sandblast                      Earth                        1
   b - Passwall                       Transmutation/Earth          2
   c - Stone Arrow                    Conjuration/Earth            3
   d - Petrify                        Transmutation/Earth          4
   e - Lee's Rapid Deconstruction     Earth                        5
 r - a manual of Fighting
 Q - a book of Necromancy

   Spells                             Type                      Level
   a - Pain                           Necromancy                   1
   b - Animate Skeleton               Necromancy                   1
   c - Vampiric Draining              Necromancy                   3
   d - Regeneration                   Charms/Necromancy            3
   e - Animate Dead                   Necromancy                   4
   f - Borgnjor's Vile Clutch         Necromancy/Earth             5
 U - a book of Transfigurations

   Spells                             Type                      Level
   a - Irradiate                      Conjuration/Transmutation    5
   b - Statue Form                    Transmutation/Earth          6
   c - Hydra Form                     Transmutation                6
   d - Dragon Form                    Transmutation                7
 V - a book of Annihilations

   Spells                             Type                      Level
   a - Poison Arrow                   Conjuration/Poison           6
   b - Chain Lightning                Conjuration/Air              8
   c - Lehudib's Crystal Spear        Conjuration/Earth            8
   d - Glaciate                       Conjuration/Ice              9
   e - Fire Storm                     Conjuration/Fire             9
Miscellaneous
 Y - a lamp of fire
Comestibles
 d - 32 rations
 o - 24 chunks of flesh


   Skills:
 + Level 10.4 Fighting
 + Level 8.9 Short Blades
 + Level 10.0 Long Blades
 + Level 8.9 Axes
 + Level 8.9 Maces & Flails
 + Level 8.9 Polearms
 + Level 8.9 Staves
 + Level 8.9 Slings
 + Level 8.9 Bows
 + Level 8.9 Crossbows
 + Level 8.9 Throwing
 + Level 9.3 Armour
 + Level 10.0 Dodging
 + Level 8.9 Stealth
 + Level 8.9 Shields
 + Level 8.9 Unarmed Combat
 + Level 10.2 Spellcasting
 + Level 7.4 Conjurations
 + Level 7.4 Hexes
 + Level 9.3 Charms
 + Level 7.4 Summonings
 + Level 7.4 Necromancy
 + Level 7.4 Translocations
 + Level 7.4 Transmutations
 + Level 7.4 Fire Magic
 + Level 7.4 Ice Magic
 + Level 7.4 Air Magic
 + Level 7.4 Earth Magic
 + Level 7.4 Poison Magic
 + Level 9.7 Invocations
 + Level 8.9 Evocations


You had 9 spell levels left.
You knew the following spells:

 Your Spells              Type           Power        Failure   Level  Hunger
a - Infusion              Chrm           ####         1%          1    None
b - Shroud of Golubria    Chrm/Tloc      ######....   1%          2    None
c - Regeneration          Chrm/Necr      ######....   1%          3    None
d - Vampiric Draining     Necr           #####.....   1%          3    None
e - Mephitic Cloud        Conj/Pois/Air  #####...     1%          3    None
f - Petrify               Tmut/Erth      #####...     3%          4    #......
g - Lee's Rapid Deconstr  Erth           #####.....   11%         5    ####...
h - Stone Arrow           Conj/Erth      #####.       1%          3    None


Dungeon Overview and Level Annotations

Branches:
Dungeon (11/15)            Temple (1/1) D:5            Lair (6/6) D:8
 Shoals (0/4) Lair:2        Snake (0/4) Lair:3          Orc (0/2) D:11
  Slime: Lair:5-6

Altars:
Ashenzari
Cheibriados
Dithmenos
Elyvilon
Fedhas
Gozag
Hepliaklqana
Kikubaaqudgha
Makhleb
Nemelex Xobeh
Okawaru
Qazlal
Ru
Sif Muna
Trog
Uskayaw
Vehumet
Wu Jian
Xom
Yredelemnul
Zin
The Shining One

Shops:
D:8 }   D:11 ?

Annotations:
Lair:2 exclusion: oklob plant


Innate Abilities, Weirdness & Mutations

Your experience applies equally to all skills.
You have extremely sharp teeth.
Your uncanny sense of smell can sniff out nearby items.
You are partially covered in icy blue scales. (AC +2)
You are partially covered in molten scales. (AC +2)


Message History

You feel very sick. The lindwurm bites you!
* * * LOW HITPOINT WARNING * * *
The lindwurm completely misses you. The lindwurm claws you.
* * * LOW HITPOINT WARNING * * *
You feel more protected from physical attacks.
You feel yourself speed up.
* * * LOW HITPOINT WARNING * * *
You feel very sick.
The lindwurm bites you but does no damage.
You block the lindwurm's attack. The lindwurm closely misses you.
* * * LOW HITPOINT WARNING * * *
You feel sick.
* * * LOW HITPOINT WARNING * * *
You feel sick. The lindwurm breathes flames at you.
The blast of flame hits you! You resist.
Your resistance to physical damage fades away.
You feel protected from fire.
You die...

# ##### ## .#####...####
####.## #.# #.
....PP......####...#.##..##..
.............##..§...........
............§k÷......PP.PP...
............†##§....PP.......
.......†....###§@..P.PP......
............###.§...#.P..# .
.......P...##.......P.#.#....
....?.#######........<.......
.....# #####............
....# ######.#...#. ...#
#.#### ... ## .#


You could see a lindwurm.

Vanquished Creatures
  3 entropy weavers (Lair:4)
  The ghost of wevryn the Blocker, a journeyman GnFi of Cheibriados (Lair:5)
  5 hydras
  4 ghost crabs (Lair:4)
  4 two-headed ogres
  3 death yaks (D:8)
  4 fire crabs (Lair:4)
  An unseen horror (D:11)
  A manticore (Lair:2)
  An apocalypse crab (Lair:4)
  A centaur zombie (D:11)
  Maurice (D:8)
  3 black mambas
  6 elephants (Lair:6)
  A torpor snail (Lair:5)
  Psyche (D:10)
  5 spiny frogs
  4 komodo dragons
  3 rime drakes
  A polar bear (Lair:4)
  A queen bee (D:9)
  A hornet (D:11)
  11 blink frogs
  4 dream sheep (Lair:4)
  9 hippogriffs
  A centaur simulacrum (D:10)
  A wyvern (D:11)
  A spriggan (D:11)
  4 basilisks
  28 yaks
  4 nagas (Lair:3)
  7 water moccasins
  9 porcupines
  An eye of draining (D:9)
  An ice beast (D:10)
  4 orc warriors
  A sky beast (D:11)
  5 black bears
  3 phantoms
  4 ogres
  3 centaurs
  A necrophage (D:9)
  8 wolves
  6 crocodiles
  A big kobold (Sewer)
  21 bullfrogs
  A water moccasin zombie (D:9)
  39 killer bees
  2 electric eels (D:7)
  A howler monkey (D:7)
  3 crimson imps
  A quasit (D:9)
  2 hounds
  A bullfrog zombie (D:7)
  6 orc priests
  2 bullfrog skeletons
  A hell rat (D:8)
  11 orc wizards
  3 iguanas
  5 worker ants
  A worker ant zombie (D:10)
  18 adders
  12 river rats
  3 gnolls (D:4)
  2 oozes
  An adder skeleton (D:4)
  5 worms
  2 dart slugs
  6 leopard geckos
  51 orcs
  6 giant cockroaches
  9 hobgoblins (D:2)
  16 jackals
  22 kobolds
  4 quokkas
  3 ball pythons (Sewer)
  7 bats
  3 frilled lizards
  12 goblins
  A leopard gecko skeleton (D:8)
  18 rats
  A fungus (Lair:1)
  A plant (D:7)
475 creatures vanquished.

Vanquished Creatures (others)
  4 fungi
  3 plants
7 creatures vanquished.

Grand Total: 482 creatures vanquished

Notes
Turn   | Place    | Note
-------+----------+-------------------------------------------
     0 | D:1      | zishaf the Gnoll Skald began the quest for the Orb.
     0 | D:1      | Reached XP level 1. HP: 20/20 MP: 6/6
   183 | D:1      | Reached XP level 2. HP: 24/26 MP: 7/7
   728 | D:2      | Reached XP level 3. HP: 24/31 MP: 9/9
   775 | D:2      | Reached skill level 5 in Spellcasting
   804 | D:2      | Found a radiant altar of Vehumet.
   927 | D:2      | Reached skill level 1 in Invocations
  1367 | D:2      | Reached skill level 1 in Short Blades
  1367 | D:2      | Reached skill level 1 in Axes
  1367 | D:2      | Reached skill level 1 in Maces & Flails
  1367 | D:2      | Reached skill level 1 in Polearms
  1367 | D:2      | Reached skill level 1 in Staves
  1367 | D:2      | Reached skill level 1 in Slings
  1367 | D:2      | Reached skill level 1 in Bows
  1367 | D:2      | Reached skill level 1 in Crossbows
  1367 | D:2      | Reached skill level 1 in Throwing
  1367 | D:2      | Reached skill level 1 in Stealth
  1367 | D:2      | Reached skill level 1 in Shields
  1367 | D:2      | Reached skill level 1 in Unarmed Combat
  1367 | D:2      | Reached skill level 1 in Evocations
  1367 | D:2      | Reached XP level 4. HP: 27/38 MP: 11/11
  1905 | D:3      | Reached skill level 1 in Conjurations
  1905 | D:3      | Reached skill level 1 in Hexes
  1905 | D:3      | Reached skill level 1 in Summonings
  1905 | D:3      | Reached skill level 1 in Necromancy
  1905 | D:3      | Reached skill level 1 in Translocations
  1905 | D:3      | Reached skill level 1 in Transmutations
  1905 | D:3      | Reached skill level 1 in Fire Magic
  1905 | D:3      | Reached skill level 1 in Ice Magic
  1905 | D:3      | Reached skill level 1 in Air Magic
  1905 | D:3      | Reached skill level 1 in Earth Magic
  1905 | D:3      | Reached skill level 1 in Poison Magic
  1944 | D:3      | Found an ancient bone altar of Kikubaaqudgha.
  2102 | D:3      | Reached XP level 5. HP: 21/43 MP: 12/12
  2443 | D:3      | Found a glowing drain.
  2447 | Sewer    | Entered a sewer
  2803 | Sewer    | Reached XP level 6. HP: 36/50 MP: 11/13
  2843 | Sewer    | Learned a level 2 spell: Shroud of Golubria
  3099 | Sewer    | Reached skill level 5 in Fighting
  3099 | Sewer    | Reached skill level 5 in Long Blades
  3099 | Sewer    | Reached skill level 5 in Dodging
  3589 | D:4      | Noticed a phantom
  3617 | D:3      | Killed a phantom
  3617 | D:3      | Reached XP level 7. HP: 43/56 MP: 15/15
  4603 | D:5      | Entered Level 5 of the Dungeon
  4603 | D:5      | Found a staircase to the Ecumenical Temple.
  4612 | Temple   | Entered the Ecumenical Temple
  4832 | Temple   | Became a worshipper of Qazlal Stormbringer
  4922 | D:5      | Gained mutation: You have extremely sharp teeth. [potion of mutation]
  4922 | D:5      | Gained mutation: You have a somewhat thin skeletal structure. (Dex +2, Stealth) [potion of mutation]
  4946 | D:5      | Got a heavily runed ring mail
  4947 | D:5      | Identified the +0 ring mail of Hopscotch {Regen+ Int+6} (You found it on level 5 of the Dungeon)
  4983 | D:5      | Found a sparkling altar of Nemelex Xobeh.
  5006 | D:5      | Found a glowing silver altar of Zin.
  5422 | D:6      | Found a bloodstained altar of Trog.
  5751 | D:6      | Reached XP level 8. HP: 26/63 MP: 0/16
  6123 | D:7      | Reached * piety under Qazlal
  6457 | D:7      | Found a sacrificial altar of Ru.
  6540 | D:7      | Reached XP level 9. HP: 34/69 MP: 14/18
  6867 | D:7      | Found a basalt altar of Yredelemnul.
  6881 | D:7      | Found a deep blue altar of Sif Muna.
  7205 | D:7      | Found a sparkling altar of Nemelex Xobeh.
  7257 | D:7      | Found a hazy altar of Hepliaklqana.
  7441 | D:8      | Noticed a two-headed ogre
  7448 | D:8      | Killed a two-headed ogre
  7448 | D:8      | Reached skill level 5 in Armour
  7496 | D:8      | Reached ** piety under Qazlal
  7611 | D:8      | Noticed a death yak
  7618 | D:8      | Noticed a death yak
  7618 | D:8      | Noticed a death yak
  7645 | D:8      | Reached skill level 5 in Invocations
  7792 | D:8      | Found Etaqowk's Gadget Shoppe.
  8163 | D:8      | Noticed Maurice
  8177 | D:8      | Killed Maurice
  8177 | D:8      | Reached XP level 10. HP: 77/77 MP: 15/20
  8219 | D:8      | Learned a level 3 spell: Regeneration
  8229 | D:8      | Found a staircase to the Lair.
  8404 | D:8      | Noticed a two-headed ogre
  8448 | D:8      | Killed a two-headed ogre
  8448 | D:8      | Reached skill level 5 in Short Blades
  8448 | D:8      | Reached skill level 5 in Axes
  8448 | D:8      | Reached skill level 5 in Maces & Flails
  8448 | D:8      | Reached skill level 5 in Polearms
  8448 | D:8      | Reached skill level 5 in Staves
  8448 | D:8      | Reached skill level 5 in Slings
  8448 | D:8      | Reached skill level 5 in Bows
  8448 | D:8      | Reached skill level 5 in Crossbows
  8448 | D:8      | Reached skill level 5 in Throwing
  8448 | D:8      | Reached skill level 5 in Stealth
  8448 | D:8      | Reached skill level 5 in Shields
  8448 | D:8      | Reached skill level 5 in Unarmed Combat
  8448 | D:8      | Reached skill level 5 in Evocations
  9474 | D:9      | Reached *** piety under Qazlal
  9639 | D:9      | Found a hide-covered altar of Uskayaw.
  9778 | D:9      | Found an iron altar of Okawaru.
  9989 | D:9      | Found a shattered altar of Ashenzari.
 10248 | D:10     | Entered Level 10 of the Dungeon
 10296 | D:9      | Reached XP level 11. HP: 54/84 MP: 2/22
 10409 | D:10     | Noticed a two-headed ogre
 10421 | D:10     | Killed a two-headed ogre
 10490 | D:10     | Noticed a two-headed ogre
 10525 | D:9      | Killed a two-headed ogre
 10525 | D:9      | Reached skill level 5 in Conjurations
 10525 | D:9      | Reached skill level 5 in Hexes
 10525 | D:9      | Reached skill level 5 in Summonings
 10525 | D:9      | Reached skill level 5 in Necromancy
 10525 | D:9      | Reached skill level 5 in Translocations
 10525 | D:9      | Reached skill level 5 in Transmutations
 10525 | D:9      | Reached skill level 5 in Fire Magic
 10525 | D:9      | Reached skill level 5 in Ice Magic
 10525 | D:9      | Reached skill level 5 in Air Magic
 10525 | D:9      | Reached skill level 5 in Earth Magic
 10525 | D:9      | Reached skill level 5 in Poison Magic
 10833 | D:10     | Reached **** piety under Qazlal
 10854 | D:10     | Noticed Psyche
 10871 | D:10     | Killed Psyche
 11454 | D:11     | Found Orakhaim's Magic Scroll Boutique.
 11469 | D:11     | Killed an unseen horror
 11595 | D:11     | Bought a scroll of brand weapon for 240 gold pieces
 11595 | D:11     | Bought a scroll of remove curse for 36 gold pieces
 11595 | D:11     | Bought a scroll of enchant armour for 90 gold pieces
 11595 | D:11     | Bought a scroll of teleportation for 36 gold pieces
 11595 | D:11     | Bought a scroll of enchant weapon for 90 gold pieces
 11595 | D:11     | Bought a scroll of enchant weapon for 90 gold pieces
 11745 | D:11     | Found a staircase to the Orcish Mines.
 11758 | D:11     | Paralysed by a hornet for 1 turns
 11869 | D:11     | Noticed a seven-headed hydra
 11877 | D:11     | Killed a three-headed hydra
 12351 | D:11     | Lost mutation: You have a somewhat thin skeletal structure. (Dex +2, Stealth) [potion of mutation]
 12351 | D:11     | Gained mutation: You are partially covered in icy blue scales. (AC +2) [potion of mutation]
 12351 | D:11     | Gained mutation: Your spells are a little easier to cast, but a little less powerful. [potion of mutation]
 12351 | D:11     | Gained mutation: Potions are less effective at restoring your health. [potion of mutation]
 12351 | D:11     | Gained mutation: You can translocate small distances at will. [potion of mutation]
 12798 | D:8      | Killed a death yak
 12798 | D:8      | Reached XP level 12. HP: 70/93 MP: 8/24
 12821 | D:8      | Killed a death yak
 12891 | D:8      | Killed a death yak
 13051 | Lair:1   | Entered Level 1 of the Lair of Beasts
 13136 | Lair:1   | Learned a level 3 spell: Vampiric Draining
 13140 | Lair:1   | Learned a level 3 spell: Mephitic Cloud
 13253 | Lair:1   | Lost mutation: Your spells are a little easier to cast, but a little less powerful. [potion of mutation]
 13253 | Lair:1   | Lost mutation: You can translocate small distances at will. [potion of mutation]
 13253 | Lair:1   | Gained mutation: You are weak. (Str -2) [potion of mutation]
 13253 | Lair:1   | Gained mutation: You have a somewhat thin skeletal structure. (Dex +2, Stealth) [potion of mutation]
 13283 | Lair:1   | Got a pitted long sword
 13284 | Lair:1   | Identified the +5 long sword "Ethroileb" {freeze, rN+} (You found it on level 1 of the Lair of Beasts)
 13307 | Lair:1   | Identified 3 scrolls of acquirement
 13311 | Lair:1   | Found the +3 crown of Dyrovepreva {rElec Int+2 SInv}
 13637 | Lair:2   | Found an ancient bone altar of Kikubaaqudgha.
 13746 | Lair:2   | Found a staircase to the Shoals.
 14379 | Lair:3   | Noticed an eight-headed hydra
 14386 | Lair:3   | Killed a 12-headed hydra
 14397 | Lair:3   | Noticed an eight-headed hydra
 14653 | Lair:3   | Killed a seven-headed hydra
 14878 | Lair:3   | Reached XP level 13. HP: 101/101 MP: 10/26
 15195 | Lair:3   | Found a staircase to the Snake Pit.
 15253 | Lair:3   | Reached ***** piety under Qazlal
 15354 | Lair:3   | Lost mutation: You have a somewhat thin skeletal structure. (Dex +2, Stealth) [potion of mutation]
 15354 | Lair:3   | Lost mutation: You are weak. (Str -2) [potion of mutation]
 15354 | Lair:3   | Lost mutation: Potions are less effective at restoring your health. [potion of mutation]
 15354 | Lair:3   | Gained mutation: You are partially covered in molten scales. (AC +2) [potion of mutation]
 15354 | Lair:3   | Gained mutation: You are weak. (Str -2) [potion of mutation]
 15354 | Lair:3   | Lost mutation: You are weak. (Str -2) [potion of mutation]
 15914 | Lair:4   | Found a runed door.
 16118 | Lair:4   | Noticed an entropy weaver
 16124 | Lair:4   | Killed an entropy weaver
 16171 | Lair:4   | Noticed an entropy weaver
 16192 | Lair:4   | Killed an entropy weaver
 16599 | Lair:4   | Got a shimmering scale mail
 16600 | Lair:4   | Identified the cursed +0 scale mail "Zaseutump" {*Drain Str+8 Int-4 Stlth+} (You found it on level 4 of the Lair of Beasts)
 17030 | Lair:4   | Noticed an entropy weaver
 17049 | Lair:4   | Killed an entropy weaver
 17120 | Lair:4   | Learned a level 4 spell: Petrify
 17126 | Lair:4   | Learned a level 5 spell: Lee's Rapid Deconstruction
 17130 | Lair:4   | Learned a level 3 spell: Stone Arrow
 17206 | Lair:4   | Got a fine jade ring
 17213 | Lair:4   | Identified the ring "Bioraata" {+Fly rF+} (You found it on level 4 of the Lair of Beasts)
 17339 | Lair:5   | Noticed wevryn's ghost (journeyman GnFi)
 17383 | Lair:5   | Killed wevryn's ghost
 17428 | Lair:5   | Reached skill level 10 in Spellcasting
 17439 | Lair:5   | Reached XP level 14. HP: 72/109 MP: 0/28
 17496 | Lair:5   | Reached skill level 10 in Fighting
 17984 | Lair:6   | Entered Level 6 of the Lair of Beasts
 18051 | Lair:6   | Reached skill level 10 in Long Blades
 18051 | Lair:6   | Reached skill level 10 in Dodging
 18153 | Lair:6   | HP: 5/111 [poisoned by a black mamba]
 18155 | Lair:6   | Killed from afar by a lindwurm

Skill      XL: |  1  2  3  4  5  6  7  8  9 10 11 12 13 14 |
---------------+-------------------------------------------+-----
Spellcasting   | 5 6 7 8 9 10 | 10.2
Invocations    | 1 2 3 4 5 6 7 8 9 |  9.7
Short Blades   | 1 2 3 4 5 6 7 8 |  8.9
Axes           | 1 2 3 4 5 6 7 8 |  8.9
Maces & Flails | 1 2 3 4 5 6 7 8 |  8.9
Polearms       | 1 2 3 4 5 6 7 8 |  8.9
Staves         | 1 2 3 4 5 6 7 8 |  8.9
Slings         | 1 2 3 4 5 6 7 8 |  8.9
Bows           | 1 2 3 4 5 6 7 8 |  8.9
Crossbows      | 1 2 3 4 5 6 7 8 |  8.9
Throwing       | 1 2 3 4 5 6 7 8 |  8.9
Stealth        | 1 2 3 4 5 6 7 8 |  8.9
Shields        | 1 2 3 4 5 6 7 8 |  8.9
Unarmed Combat | 1 2 3 4 5 6 7 8 |  8.9
Evocations     | 1 2 3 4 5 6 7 8 |  8.9
Conjurations   | 1 2 3 4 5 6 7 |  7.4
Hexes          | 1 2 3 4 5 6 7 |  7.4
Summonings     | 1 2 3 4 5 6 7 |  7.4
Necromancy     | 1 2 3 4 5 6 7 |  7.4
Translocations | 1 2 3 4 5 6 7 |  7.4
Transmutations | 1 2 3 4 5 6 7 |  7.4
Fire Magic     | 1 2 3 4 5 6 7 |  7.4
Ice Magic      | 1 2 3 4 5 6 7 |  7.4
Air Magic      | 1 2 3 4 5 6 7 |  7.4
Earth Magic    | 1 2 3 4 5 6 7 |  7.4
Poison Magic   | 1 2 3 4 5 6 7 |  7.4
Armour         | 3 4 5 6 7 8 9 |  9.3
Fighting       | 5 6 7 8 9 10 | 10.4
Long Blades    | 5 6 7 8 9 10 | 10.0
Dodging        | 5 6 7 8 9 10 | 10.0
Charms         | 6 7 8 9 |  9.3

Action                   |  1- 3 |  4- 6 |  7- 9 | 10-12 | 13-15 || total
-------------------------+-------+-------+-------+-------+-------++-------
Melee: Falchion          |    74 |       |   333 |   547 |   237 ||  1191
       Bite              |     7 |    18 |    53 |   126 |    75 ||   279
       Short sword       |    17 |   176 |    16 |       |       ||   209
       Punch             |       |     2 |     6 |    29 |     4 ||    41
       Long sword        |       |       |       |    87 |   127 ||   214
 Fire: Hand crossbow     |       |     5 |     7 |       |       ||    12
 Cast: Infusion          |       |     3 |     8 |    26 |    17 ||    54
       Shroud of Golubri |       |     4 |    13 |    41 |    20 ||    78
       Regeneration      |       |       |       |    17 |    10 ||    27
       Mephitic Cloud    |       |       |       |     1 |     1 ||     2
       Vampiric Draining |       |       |       |     1 |       ||     1
       Stone Arrow       |       |       |       |       |     1 ||     1
       Petrify           |       |       |       |       |     1 ||     1
Invok: Upheaval          |       |       |       |     3 |     1 ||     4
       Disaster Area     |       |       |       |       |     1 ||     1
 Abil: Blink             |       |       |       |     1 |       ||     1
Evoke: Wand              |       |       |     1 |     3 |     1 ||     5
  Use: Potion            |       |       |    17 |     6 |     4 ||    27
       Scroll            |       |       |    12 |    18 |    11 ||    41
 Stab: Sleeping          |     2 |     1 |     2 |       |       ||     5
  Eat: Chunk             |     2 |     5 |    10 |    10 |     7 ||    34
       Ration            |       |     1 |     1 |     4 |     2 ||     8
Armor: Leather armour    |     7 |       |       |       |       ||     7
       Ring mail         |    13 |    57 |    95 |   242 |   184 ||   591
Dodge: Dodged            |    68 |   133 |   261 |   589 |   251 ||  1302
       Deflected         |       |       |       |     3 |     4 ||     7
Block: Other             |       |       |    12 |   163 |    25 ||   200
       Buckler           |       |       |       |       |   195 ||   195
       Rpst.: Falchion   |    23 |       |    75 |   130 |    36 ||   264
       Long sword        |       |       |       |    19 |    23 ||    42
